 Dungeon Crawl Stone Soup version 0.29-a0-283-ga02f740833 (webtiles) character file.

Game seed: 10472398892533328050

51 cheechan the Cutter (level 3, -5/34 HPs)
             Began as a Naga Monk on Mar 13, 2022.
             Was a Believer of Uskayaw.
             Slain by an orc
             ... wielding a +0 flail
              (9 damage)
             ... on level 3 of the Dungeon.
             The game lasted 00:04:50 (1208 turns).

cheechan the Cutter (Naga Monk)                     Turns: 1208, Time: 00:04:50

Health: -5/34      AC:  3    Str: 15    XL:     3   Next: 81%
Magic:  1/3        EV: 10    Int: 10    God:    Uskayaw [**....]
Gold:   136        SH:  0    Dex: 13    Spells: 2/2 levels left

rFire   . . .      SeeInvis +   a - +0 short sword
rCold   . . .      Faith    .   (no shield)
rNeg    . . .      Spirit   .   l - +1 leather armour "Lah Arhe" {rElec rPois SInv}
rPois   +          Reflect  .   (no helmet)
rElec   +          Harm     .   (no cloak)
rCorr   .          Rampage  .   (no gloves)
Will    .....                   (no barding)
Stlth   ++........              (no amulet)
HPRegen 0.11/turn               (no ring)
MPRegen 0.08/turn               (no ring)

@: very slow
A: AC +1, large, see invisible, deformed body, poison resistance, slowness 2,
spit poison 1, naga tail 1
a: Spit Poison, Renounce Religion, Stomp, Line Pass


You were on level 3 of the Dungeon.
You worshipped Uskayaw.
Uskayaw was noncommittal.
You visited 1 branch of the dungeon, and saw 3 of its levels.

You collected 136 gold pieces.

Inventory:

Hand Weapons
 a - a +0 short sword (weapon)
Missiles
 h - 38 stones
Armour
 l - the +1 leather armour "Lah Arhe" (worn) {rElec rPois SInv}
   (You found it on level 2 of the Dungeon)

   rElec:     It insulates you from electricity.
   rPois:     It protects you from poison.
   SInv:      It lets you see invisible.
Scrolls
 b - a scroll of fear {unknown}
 d - a scroll of immolation {unknown}
 e - a scroll of fog {unknown}
 f - 3 scrolls of identify {unknown}
 i - a scroll of teleportation {unknown}
 m - a scroll of noise {unknown}
Potions
 c - a potion of ambrosia
 g - a potion of curing {unknown}
 j - a potion of degeneration {unknown}
 k - a potion of heal wounds {unknown}


   Skills:
 + Level 3.4 Fighting
 + Level 3.4 Short Blades
 + Level 0.2 Armour
 + Level 3.0 Dodging
 + Level 3.2 Stealth


You had 2 spell levels left.
You didn't know any spells.
Your spell library contained the following spells:

 Spells                   Type           Power      Damage    Failure   Level
 Corpse Rot               Necr/Air       0%         N/A       56%         2
 Poisonous Vapours        Pois/Air       0%         N/A       56%         2


Dungeon Overview and Level Annotations

Branches:
Dungeon (3/15)

Altars:
Uskayaw


Innate Abilities, Weirdness & Mutations

Your serpentine skin is tough. (AC +1)
You have supernaturally acute eyesight. (SInv)
Armour fits poorly on your strangely shaped body.
Your system is resistant to poisons. (rPois)
You cover ground very slowly.
You can spit poison.
You have a snake-like lower body.


Message History

The orc hits you but does no damage.
You closely miss the orc.
The orc is moderately wounded.
The orc hits you but does no damage.
You hit the orc.
The orc is heavily wounded.
The orc completely misses you.
You hit the orc but do no damage.
The orc is heavily wounded.
The orc barely misses you.
You hit the orc but do no damage.
The orc is heavily wounded.
The orc hits you with a +0 whip.
* * * LOW HITPOINT WARNING * * *
You hit the orc.
You kill the orc!
You can now pass through a line of other dancers.
You closely miss the orc.
The orc is heavily wounded.
The orc misses you.
You barely miss the orc.
The orc is heavily wounded.
The orc barely misses you.
Aiming: Spit Poison (2% risk of failure)
Press: ? - help, Q - select action, (/) - cycle Shift-Dir - straight line, f - orc
Aim: an orc, wielding a +0 club (heavily wounded, 59% to hit)
The splash of poison hits the orc.
The orc is poisoned.
The orc is almost dead.
The orc barely misses you.
You hit the orc.
You kill the orc!
The orc throws a stone.
The stone closely misses you.
You have got your breath back.
The orc hits you with a +0 flail.
* * * LOW HITPOINT WARNING * * *
Items here: $ ))) ? [ †.
You hit the orc.
The orc is lightly wounded.
The orc hits you with a +0 flail!
You die...

#$ #. #.###
#. ##.#.. #.
#....# #.
#....# #.
####....####
####.
......)o@..#
#....
###.....##.#
+....
#.....##.#
###..>.
#.....##.#
+......
#.....##.#
#####..
#.....##.# #
##'
##.....##.#
+S #♣≈≈
#.......#.#
#+ #≈♣#♣≈♣♣
#.........#
#. ♣≈♣†♣#


You could see an orc.

Vanquished Creatures
  A dart slug (D:3)
  4 orcs (D:3)
  2 endoplasms
  2 giant cockroaches
  8 goblins
  3 hobgoblins
  3 jackals
  4 kobolds
  A quokka (D:1)
  5 ball pythons
  3 bats (D:1)
  2 rats (D:1)
38 creatures vanquished.

Notes
Turn   | Place    | Note
-------+----------+-------------------------------------------
     0 | D:1      | cheechan the Naga Monk began the quest for the Orb.
     0 | D:1      | Reached XP level 1. HP: 21/21 MP: 1/1
   132 | D:1      | Reached XP level 2. HP: 12/28 MP: 2/2
   175 | D:1      | Found a faded altar of an unknown god.
   207 | D:1      | Prayed at the altar of an unknown god.
   207 | D:1      | Became a worshipper of Uskayaw the Reveller
   207 | D:1      | Reached * piety under Uskayaw
   207 | D:1      | Reached ** piety under Uskayaw
   247 | D:1      | Reached *** piety under Uskayaw
   459 | D:2      | Reached XP level 3. HP: 32/34 MP: 3/3
   682 | D:2      | Identified the +1 leather armour "Lah Arhe" {rElec rPois
                  | SInv}
  1208 | D:3      | Slain by an orc

Illustrated notes

Levels and vault maps discovered:
D:1:      dpeg_arrival_lava_altar, layout_rooms,
          shapermc_ecumenical_altar_starsandcircs
D:2:      kennysheep_big_flooded_room, layout_basic, basic_altar
D:3:      layout_basic, saegor_snake_ambush

Skill      XL: |  1  2  3 |
---------------+----------+-----
Dodging        | 3 |  3.0
Fighting       | |  3.4
Short Blades   | |  3.4
Armour         | |  0.2
Stealth        | |  3.2

Action                   || total
-------------------------++-------
Melee: Short sword       ||   120
       Punch             ||     1
Invok: Stomp             ||     1
 Abil: Spit Poison       ||    15
 Stab: Paralysed         ||     1
       Sleeping          ||     1
Armor: Robe              ||    14
       Leather armour    ||    17
Dodge: Dodged            ||    99

Table legend: (Time is in decaauts)
 A = Elapsed time spent in this place.
 B = Non-inter-level travel time spent in this place.
 C = Inter-level travel time spent in this place.
 D = Time resting spent in this place.
 E = Time spent auto-exploring this place.
 F = Levels seen in this place.
 G = Mean time per level.
                   A        B        C        D        E       F      G
               +--------+--------+--------+--------+--------+-----+--------+
         Total |   1626 |   1626 |      0 |      0 |      0 |   3 |  542.0 |
       Dungeon |   1626 |   1626 |      0 |      0 |      0 |   3 |  542.0 |
               +--------+--------+--------+--------+--------+-----+--------+

Top non-repeatable levels by time:
     D:2: 843 daAuts
     D:1: 578 daAuts
     D:3: 204 daAuts
